| TOP OF THE 1ST |
|
Sarasota Eagles batting - Pitching for St. Pete Cardinals : RHP John Martin
|
|
Pitching: RHP John Martin
|
|
|
Batting: SHB Todd Mabe
|
0-0: Ball 1-0: Called Strike 1-1: Ball 2-1: Ball 3-1: Swinging Strike 3-2: Foul Ball, location: 2F 3-2: Foul Ball, location: 2F 3-2: Base on Balls
|
|
Batting: RHB Darrin Jackson
|
0-0: Called Strike 0-1: Ball 1-1: Foul Ball, location: 2F 1-2: Ball 2-2: Strikes out looking
|
|
Batting: RHB Thomas Brassil
|
0-0: Ball Todd Mabe steals 2nd base 1-0: Called Strike 1-1: Swinging Strike Passed Ball! Todd Mabe to third 1-2: Strikes out swinging
|
|
Batting: SHB Ramon Sambo
|
0-0: Ball 1-0: Swinging Strike 1-1: Foul Ball, location: 2F 1-2: Strikes out swinging
|
| Top of the 1st over - 0 runs, 0 hits, 0 errors, 1 left on base; Sarasota 0 - St. Pete 0 |
| BOTTOM OF THE 1ST |
|
St. Pete Cardinals batting - Pitching for Sarasota Eagles : RHP Ricky Canas
|
|
Pitching: RHP Ricky Canas
|
|
|
Batting: RHB John Roberts
|
0-0: Fly out, F8 (Line Drive, 8RD, EV 85.6 MPH)
|
|
Batting: SHB Mickey Riley
|
0-0: Called Strike 0-1: Ground out 5-3 (Groundball, 56, EV 85.0 MPH)
|
|
Batting: RHB Joe Scime
|
0-0: Ball 1-0: Foul Ball, location: 2F 1-1: Ball 2-1: Ball 3-1: Called Strike 3-2: Foul Ball, location: 2F 3-2: Base on Balls
|
|
Batting: RHB Eric Hardgrave
|
0-0: Ball 1-0: Ball 2-0: Called Strike 2-1: Fielders Choice at 2nd, 6-4 (Groundball, 6, EV 85.6 MPH)
|
| Bottom of the 1st over - 0 runs, 0 hits, 0 errors, 1 left on base; Sarasota 0 - St. Pete 0 |
| TOP OF THE 2ND |
|
Sarasota Eagles batting - Pitching for St. Pete Cardinals : RHP John Martin
|
|
Batting: LHB Dave Martinez
|
0-0: Swinging Strike 0-1: Called Strike 0-2: Ball 1-2: Foul Ball, location: 2F 1-2: Ball 2-2: Fly out, F8 (Line Drive, 8LM, EV 93.8 MPH)
|
|
Batting: RHB Gary Appino
|
0-0: Called Strike 0-1: Swinging Strike 0-2: Ball 1-2: Ball 2-2: Strikes out swinging, 2-3 out at first.
|
|
Batting: RHB Matt Stark
|
0-0: Foul Ball, location: 2F 0-1: Ground out 5-3 (Groundball, 56, EV 91.9 MPH)
|
| Top of the 2nd over - 0 runs, 0 hits, 0 errors, 0 left on base; Sarasota 0 - St. Pete 0 |
| BOTTOM OF THE 2ND |
|
St. Pete Cardinals batting - Pitching for Sarasota Eagles : RHP Ricky Canas
|
|
Batting: LHB Richard Hazard
|
0-0: Ball 1-0: Ball 2-0: Ball 3-0: Called Strike 3-1: Base on Balls
|
|
Batting: RHB Victor Jimenez
|
0-0: SINGLE (Line Drive, 89S, EV 111.3 MPH) Richard Hazard to second
|
|
Batting: RHB Tom Magrann
|
0-0: Ball 1-0: 3-RUN HOME RUN (Flyball, 7D, EV 90.0 MPH), Distance : 365 ft
|
|
Batting: RHB Omar Interiano
|
0-0: Ball 1-0: Foul Ball, location: 2F 1-1: Called Strike 1-2: DOUBLE (Line Drive, 7LS, EV 101.9 MPH)
|
|
Batting: RHB Jose Mantilla
|
0-0: Ball 1-0: Foul Ball, location: 2F 1-1: Fly out, F4 (Popup, 13, EV 83.8 MPH)
|
|
Batting: RHB John Roberts
|
0-0: Foul Ball, location: 2F 0-1: Foul Ball, location: 2F 0-2: Foul Ball, location: 2F 0-2: Foul Ball, location: 2F 0-2: Ball 1-2: Foul Ball, location: 2F 1-2: DOUBLE (Line Drive, 78XD, EV 105.6 MPH) Omar Interiano scores
|
|
Batting: SHB Mickey Riley
|
0-0: Called Strike 0-1: Ball 1-1: Ball 2-1: Ball 3-1: Base on Balls
|
|
Batting: RHB Joe Scime
|
0-0: Called Strike 0-1: Ball 1-1: Ball 2-1: Ball 3-1: Called Strike 3-2: DOUBLE (Line Drive, 7LM, EV 97.5 MPH) John Roberts scores Mickey Riley to third
|
|
Batting: RHB Eric Hardgrave
|
0-0: Ball 1-0: Ball 2-0: Called Strike 2-1: Foul Ball, location: 2F 2-2: Foul Ball, location: 2F 2-2: Ground out 5-3 (Groundball, 56, EV 101.9 MPH) Mickey Riley scores
|
|
Batting: LHB Richard Hazard
|
0-0: Called Strike 0-1: Called Strike 0-2: Foul Ball, location: 2F 0-2: Strikes out looking
|
| Bottom of the 2nd over - 6 runs, 5 hits, 0 errors, 1 left on base; Sarasota 0 - St. Pete 6 |
| TOP OF THE 3RD |
|
Sarasota Eagles batting - Pitching for St. Pete Cardinals : RHP John Martin
|
|
Batting: LHB Jesus Mercado
|
0-0: Called Strike 0-1: Called Strike 0-2: Strikes out swinging
|
|
Batting: RHB Jose Estrada
|
0-0: Called Strike 0-1: Foul Ball, location: 2F 0-2: Ball 1-2: SINGLE (Line Drive, 4MD, EV 99.4 MPH)
|
|
Batting: SHB Todd Mabe
|
0-0: Ball 1-0: Called Strike 1-1: Swinging Strike 1-2: Strikes out swinging
|
|
Batting: RHB Darrin Jackson
|
0-0: Ball 1-0: Called Strike 1-1: Ball 2-1: Called Strike 2-2: Foul Ball, location: 2F 2-2: Ball 3-2: Fly out, F6 (Popup, 56D, EV 66.3 MPH)
|
| Top of the 3rd over - 0 runs, 1 hit, 0 errors, 1 left on base; Sarasota 0 - St. Pete 6 |
| BOTTOM OF THE 3RD |
|
St. Pete Cardinals batting - Pitching for Sarasota Eagles : RHP Ricky Canas
|
|
Batting: RHB Victor Jimenez
|
0-0: Ball 1-0: Foul Ball, location: 2F 1-1: Swinging Strike 1-2: Ball 2-2: Foul Ball, location: 2F 2-2: Strikes out swinging
|
|
Batting: RHB Tom Magrann
|
0-0: Swinging Strike 0-1: SINGLE (Flyball, 34D, EV 91.3 MPH)
|
|
Pitching: RHP Dave Lenderman
|
|
|
Batting: RHB Omar Interiano
|
0-0: Ball 1-0: SINGLE (Line Drive, 78S, EV 95.6 MPH) Tom Magrann to second
|
|
Batting: RHB Jose Mantilla
|
0-0: Reached on error, E5 (Flyball, 5D, EV 82.5 MPH) Tom Magrann to third Omar Interiano to second
|
|
Batting: RHB John Roberts
|
0-0: Ball 1-0: Called Strike 1-1: Swinging Strike 1-2: Ball 2-2: Fly out, F7 (Flyball, 7LS, EV 71.9 MPH)
|
|
Batting: SHB Mickey Riley
|
0-0: Fly out, F8 (Flyball, 8LD, EV 91.3 MPH)
|
| Bottom of the 3rd over - 0 runs, 2 hits, 1 error, 3 left on base; Sarasota 0 - St. Pete 6 |
| TOP OF THE 4TH |
|
Sarasota Eagles batting - Pitching for St. Pete Cardinals : RHP John Martin
|
|
Batting: RHB Thomas Brassil
|
0-0: Called Strike 0-1: Ball 1-1: Ball 2-1: Ball 3-1: SINGLE (Groundball, 34D, EV 101.9 MPH)
|
|
Batting: SHB Ramon Sambo
|
0-0: Called Strike 0-1: Ball 1-1: Swinging Strike 1-2: Fly out, F6 (Line Drive, 6, EV 70.0 MPH)
|
|
Batting: LHB Dave Martinez
|
0-0: Ball 1-0: SINGLE (Groundball, 13S, EV 71.9 MPH) (infield hit) Thomas Brassil to second
|
|
Batting: RHB Gary Appino
|
0-0: Ball 1-0: Ball 2-0: Called Strike 2-1: Ball 3-1: Fielders Choice at 2nd, 4-6 (Groundball, 4, EV 91.3 MPH) Thomas Brassil to third
|
|
Batting: RHB Matt Stark
|
0-0: Foul Ball, location: 2F 0-1: Called Strike 0-2: Strikes out looking
|
| Top of the 4th over - 0 runs, 2 hits, 0 errors, 2 left on base; Sarasota 0 - St. Pete 6 |
| BOTTOM OF THE 4TH |
|
St. Pete Cardinals batting - Pitching for Sarasota Eagles : RHP Dave Lenderman
|
|
Batting: RHB Joe Scime
|
0-0: Called Strike 0-1: Ball 1-1: Ground out U3 (Groundball, 34, EV 103.8 MPH)
|
|
Batting: RHB Eric Hardgrave
|
0-0: Ball 1-0: Swinging Strike 1-1: Foul Ball, location: 2F 1-2: Foul Ball, location: 2F 1-2: Ball 2-2: Foul Ball, location: 2F 2-2: Strikes out swinging
|
|
Batting: LHB Richard Hazard
|
0-0: Ball 1-0: Called Strike 1-1: SINGLE (Line Drive, 34D, EV 97.5 MPH)
|
|
Batting: RHB Victor Jimenez
|
0-0: Called Strike 0-1: Ball 1-1: Called Strike 1-2: Ball 2-2: Strikes out swinging
|
| Bottom of the 4th over - 0 runs, 1 hit, 0 errors, 1 left on base; Sarasota 0 - St. Pete 6 |
| TOP OF THE 5TH |
|
Sarasota Eagles batting - Pitching for St. Pete Cardinals : RHP John Martin
|
|
Batting: LHB Jesus Mercado
|
0-0: Ball 1-0: Swinging Strike 1-1: Ball 2-1: Ball 3-1: Foul Ball, location: 2F 3-2: Strikes out looking
|
|
Batting: RHB Jose Estrada
|
0-0: Called Strike 0-1: Foul Ball, location: 2F 0-2: Ball 1-2: Ball 2-2: Ball 3-2: Foul Ball, location: 2F 3-2: Strikes out swinging
|
|
Batting: SHB Todd Mabe
|
0-0: Ball 1-0: Called Strike 1-1: Foul Ball, location: 2F 1-2: Ball 2-2: Ball 3-2: Foul Ball, location: 2F 3-2: SINGLE (Groundball, 34S, EV 67.5 MPH) (infield hit)
|
|
Batting: RHB Darrin Jackson
|
0-0: Ball 1-0: Foul Ball, location: 2F 1-1: Fielders Choice at 2nd, 5-4 (Groundball, 56, EV 103.1 MPH)
|
| Top of the 5th over - 0 runs, 1 hit, 0 errors, 1 left on base; Sarasota 0 - St. Pete 6 |
| BOTTOM OF THE 5TH |
|
St. Pete Cardinals batting - Pitching for Sarasota Eagles : RHP Dave Lenderman
|
|
Batting: RHB Tom Magrann
|
0-0: Ground out 5-3 (Groundball, 56, EV 105.0 MPH)
|
|
Batting: RHB Omar Interiano
|
0-0: Ball 1-0: Swinging Strike 1-1: Fly out, F8 (Line Drive, 8RM, EV 99.4 MPH)
|
|
Batting: RHB Jose Mantilla
|
0-0: Fly out, F3 (Line Drive, 3, EV 64.4 MPH)
|
| Bottom of the 5th over - 0 runs, 0 hits, 0 errors, 0 left on base; Sarasota 0 - St. Pete 6 |
| TOP OF THE 6TH |
|
Sarasota Eagles batting - Pitching for St. Pete Cardinals : RHP John Martin
|
|
Batting: RHB Thomas Brassil
|
0-0: SOLO HOME RUN (Flyball, 78XD, EV 103.1 MPH), Distance : 421 ft
|
|
Batting: SHB Ramon Sambo
|
0-0: Swinging Strike 0-1: Ball 1-1: Ball 2-1: Ball 3-1: Fly out, F7 (Flyball, 7D, EV 104.4 MPH)
|
|
Batting: LHB Dave Martinez
|
0-0: Called Strike 0-1: Ball 1-1: Called Strike 1-2: Fly out, F7 (Line Drive, 7D, EV 97.5 MPH)
|
|
Batting: RHB Gary Appino
|
0-0: Called Strike 0-1: Ground out 4-3 (Groundball, 4S, EV 65.0 MPH)
|
| Top of the 6th over - 1 run, 1 hit, 0 errors, 0 left on base; Sarasota 1 - St. Pete 6 |
| BOTTOM OF THE 6TH |
|
St. Pete Cardinals batting - Pitching for Sarasota Eagles : RHP Dave Lenderman
|
|
Batting: RHB John Roberts
|
0-0: Ball 1-0: Called Strike 1-1: Ball 2-1: Foul Ball, location: 2F 2-2: Strikes out swinging
|
|
Batting: SHB Mickey Riley
|
0-0: Foul Ball, location: 2F 0-1: Called Strike 0-2: Ball 1-2: Ball 2-2: Fly out, F7 (Flyball, 7D, EV 73.8 MPH)
|
|
Batting: RHB Joe Scime
|
0-0: Ball 1-0: Foul Ball, location: 2F 1-1: Ball 2-1: SOLO HOME RUN (Flyball, 7D, EV 94.4 MPH), Distance : 365 ft
|
|
Batting: RHB Eric Hardgrave
|
0-0: Ball 1-0: Called Strike 1-1: Called Strike 1-2: Foul Ball, location: 2F 1-2: Ball 2-2: Ball 3-2: Foul Ball, location: 2F 3-2: Fly out, F9 (Flyball, 9LD, EV 86.3 MPH)
|
| Bottom of the 6th over - 1 run, 1 hit, 0 errors, 0 left on base; Sarasota 1 - St. Pete 7 |
| TOP OF THE 7TH |
|
Sarasota Eagles batting - Pitching for St. Pete Cardinals : RHP John Martin
|
|
Batting: RHB Matt Stark
|
0-0: Foul Ball, location: 2F 0-1: Ball 1-1: Foul Ball, location: 2F 1-2: Foul Ball, location: 2F 1-2: Foul Ball, location: 2F 1-2: Ball 2-2: Ball 3-2: SINGLE (Groundball, 56D, EV 108.8 MPH)
|
|
Batting: LHB Jesus Mercado
|
0-0: Ball 1-0: Called Strike 1-1: Ball 2-1: Ball 3-1: Fly out, F8 (Flyball, 78D, EV 86.3 MPH)
|
|
Batting: RHB Jose Estrada
|
0-0: Fielders Choice at 2nd, 5-4 (Groundball, 56, EV 101.9 MPH)
|
|
Batting: SHB Todd Mabe
|
0-0: Ball 1-0: Ball 2-0: Fly out, F9 (Flyball, 9S, EV 88.1 MPH)
|
| Top of the 7th over - 0 runs, 1 hit, 0 errors, 1 left on base; Sarasota 1 - St. Pete 7 |
| BOTTOM OF THE 7TH |
|
St. Pete Cardinals batting - Pitching for Sarasota Eagles : RHP Dave Lenderman
|
|
Batting: LHB Richard Hazard
|
0-0: Ball 1-0: Ground out 4-3 (Groundball, 4, EV 90.6 MPH)
|
|
Batting: RHB Victor Jimenez
|
0-0: Ball 1-0: Foul Ball, location: 2F 1-1: Ball 2-1: Ground out U3 (Groundball, 3, EV 88.8 MPH)
|
|
Batting: RHB Tom Magrann
|
0-0: Ball 1-0: Ball 2-0: Fly out, F7 (Flyball, 7LD, EV 95.0 MPH)
|
| Bottom of the 7th over - 0 runs, 0 hits, 0 errors, 0 left on base; Sarasota 1 - St. Pete 7 |
| TOP OF THE 8TH |
|
Sarasota Eagles batting - Pitching for St. Pete Cardinals : RHP John Martin
|
|
Batting: RHB Darrin Jackson
|
0-0: Fly out, F9 (Flyball, 89D, EV 77.5 MPH)
|
|
Batting: RHB Thomas Brassil
|
0-0: Ball 1-0: Foul Ball, location: 2F 1-1: Fly out, F8 (Flyball, 89D, EV 77.5 MPH)
|
|
Batting: SHB Ramon Sambo
|
0-0: Ball 1-0: Foul Ball, location: 2F 1-1: Swinging Strike 1-2: Ball 2-2: Ball 3-2: Fly out, F8 (Line Drive, 8RD, EV 93.1 MPH)
|
| Top of the 8th over - 0 runs, 0 hits, 0 errors, 0 left on base; Sarasota 1 - St. Pete 7 |
| BOTTOM OF THE 8TH |
|
St. Pete Cardinals batting - Pitching for Sarasota Eagles : RHP Dave Lenderman
|
|
Batting: RHB Omar Interiano
|
0-0: Fly out, F8 (Flyball, 78D, EV 91.3 MPH)
|
|
Batting: RHB Jose Mantilla
|
0-0: DOUBLE (Line Drive, 9LS, EV 105.6 MPH)
|
|
Pitching: RHP Marco Rivera
|
|
|
Batting: RHB John Roberts
|
0-0: Ball 1-0: Ball 2-0: Foul Ball, location: 2F 2-1: Foul Ball, location: 2F 2-2: Ball 3-2: SINGLE (Groundball, 56D, EV 97.5 MPH) Jose Mantilla to third Runner from 3rd tries for Home, SAFE, throw by LF to home
|
|
Pinch Hitting: RHB Carlos Garcia
|
0-0: Fielders Choice at 2nd, 4-6 (Groundball, 34, EV 111.3 MPH)
|
|
Batting: RHB Joe Scime
|
0-0: Called Strike 0-1: Ball 1-1: Ball 2-1: Fielders Choice at 2nd, 6-4 (Groundball, 6, EV 87.5 MPH)
|
| Bottom of the 8th over - 1 run, 2 hits, 0 errors, 1 left on base; Sarasota 1 - St. Pete 8 |
| TOP OF THE 9TH |
|
Sarasota Eagles batting - Pitching for St. Pete Cardinals : RHP John Martin
|
|
Now at 3B: Carlos Garcia
|
|
|
Pinch Hitting: RHB Terry Schriner
|
0-0: Called Strike 0-1: Swinging Strike 0-2: Ball 1-2: Ball 2-2: Strikes out swinging
|
|
Pinch Hitting: RHB Cesar Lora
|
0-0: Called Strike 0-1: Ball 1-1: Foul Ball, location: 2F 1-2: Strikes out swinging
|
|
Pinch Hitting: RHB Ramon Henderson
|
0-0: Ball 1-0: Ball 2-0: Called Strike 2-1: Fly out, F9 (Line Drive, 9D, EV 90.6 MPH)
|
| Top of the 9th over - 0 runs, 0 hits, 0 errors, 0 left on base; Sarasota 1 - St. Pete 8 |
|